[Event "Mongolian Championship Women 2022"]
[Site "Chingis Khentii"]
[Date "2022.05.19"]
[Round "7.5"]
[White "Nomindalai Tumurbaatar"]
[Black "Munguntuul, Batkhuyag"]
[Result "1-0"]
[ECO "A68"]
[WhiteElo "2111"]
[BlackElo "2443"]
[Annotator "TA"]
[PlyCount "81"]
[EventDate "2022.05.12"]
[EventType "tourn"]
[EventCountry "MGL"]
[SourceTitle "playchess.com"]
[Source "ChessBase"]
[SourceQuality "1"]
[TimeControl "40/5400+30:1800+30"]

1. d4 Nf6 2. c4 c5 3. d5 e6 4. Nc3 exd5 5. cxd5 d6 6. e4 g6 7. f4 Bg7 8. Nf3 O-O 9. Bd3 Re8 10. O-O c4 11. Bc2 b5 12. a3 {[%emt 0:03:49] A68: Modern Benoni: Four Pawns Attack without 9...Re8.} Qb6+ 13. Kh1 Nbd7 14. Qe1 $1 {[%emt 0:08:13] White is better.} a6 15. Be3 {[%emt 0:02:32][%cal Bc1e3,Be3f2,Bf2h4][%mdl 32] [#]} Qd8 $146 ({Predecessor:} 15... Qc7 16. Bd4 Bb7 17. Qh4 Qd8 18. g4 Nc5 19. Rae1 Nfd7 {1-0 (49) Iljin,T (2394)-Ivlev,A (2081) Astrakhan 2012}) 16. Qd2 {[%emt 0:01:26] White is more active.} Bb7 17. Rae1 Rc8 18. Bf2 (18. Bd4 {feels hotter.} Nc5 19. f5 Rc7 20. Qf4) 18... Nc5 19. Bh4 {[%emt 0:01:40] Threatens to win with e5.} Qd7 {[%emt 0:00:12] [#]} 20. f5 $1 gxf5 $2 {[%emt 0:08:23][%mdl 8192] [#] Black cannot hold the game after this.} (20... Ng4 $16) 21. Nd4 $1 $18 Nfxe4 22. Nxe4 Nxe4 (22... fxe4 $2 23. Nf5 Re5 24. Nxg7 $18 (24. Qg5 Rxf5 25. Rxf5 Re8 $14)) 23. Bxe4 fxe4 (23... Rxe4 $142 24. Nxf5 Rxe1 25. Qxe1 f6 26. Ne7+ Kf7 27. Nxc8 Bxc8 28. Bxf6 Bxf6) 24. Nf5 {[%emt 0:00:19] White is clearly winning.} Re5 25. Nxg7 Qg4 26. Bf6 e3 27. Rxe3 Rxe3 28. Qxe3 {[%emt 0:00:02] Nf5 would kill now.} Bxd5 29. Qd2 Be4 30. Bc3 d5 (30... Qg6 $142 31. Rf2 f6) 31. Qf2 Qg6 32. Nf5 Bxf5 33. Qxf5 Qxf5 34. Rxf5 {[%emt 0:00:01][%mdl 4096] Endgame KRB-KR} Rd8 (34... Rc6 $142 35. Rxd5 h6) 35. Rg5+ Kf8 36. Bb4+ Ke8 37. Re5+ Kd7 38. Rxd5+ Kc8 39. Rxd8+ Kxd8 40. Kg1 Kd7 41. Kf2 {[%emt 0:00:19] Weighted Error Value: White=0.37/Black=0.59} 1-0

[Event "Mongolian Championship Women 2022"]
[Site "Chingis Khentii"]
[Date "2022.05.19"]
[Round "7.6"]
[White "Anu, Bayar"]
[Black "Altantuya, Boldbaatar"]
[Result "0-1"]
[ECO "E11"]
[WhiteElo "2102"]
[BlackElo "2263"]
[Annotator "TA"]
[PlyCount "93"]
[EventDate "2022.05.12"]
[EventType "tourn"]
[EventCountry "MGL"]
[SourceTitle "playchess.com"]
[Source "ChessBase"]
[SourceQuality "1"]
[TimeControl "40/5400+30:1800+30"]

1. d4 e6 2. c4 Bb4+ 3. Bd2 a5 4. g3 Nf6 5. Bg2 d5 6. Nf3 O-O 7. O-O {[%emt 0:00:11] 7.Qc2 injects fresh life into this line.} dxc4 {[%emt 0:03:16] E11: Bogo-Indian.} 8. Bg5 Be7 9. Ne5 h6 {[%emt 0:00:19] [#] The position is equal.} 10. Bf4 $146 ({Predecessor:} 10. Bxf6 Bxf6 11. Na3 c5 12. Naxc4 cxd4 13. Rc1 Ra6 14. a4 Nc6 15. Nxc6 bxc6 16. f4 {0-1 (55) Gupta,A (2630)-Miezis,N (2548) Cappelle la Grande 2014}) 10... Nd5 11. Nxc4 Nc6 12. Bc1 b5 $36 {[%emt 0:08:38][%mdl 2048] Black has good play.} 13. Ne3 b4 14. Nxd5 exd5 15. e4 (15. a3 $11 {keeps the balance.}) 15... Ba6 (15... dxe4 $1 $17 {Strongly threatening ...Ba6.} 16. Bxe4 Ra6) 16. Re1 (16. Be3 $15) 16... dxe4 $17 17. Bxe4 Nxd4 18. Bxa8 {[%emt 0:05:39] This move loses the game for White.} (18. Be3 $17 Ne2+ 19. Kg2 Qxd1 20. Rxd1) 18... Ne2+ $19 19. Kg2 {[%emt 0:00:06] And now Qxd8 would win.} ({Don't play} 19. Qxe2 Bxe2 20. Be4 Bc5 $1 $19) 19... Qxa8+ 20. f3 Re8 $1 21. Nd2 $2 (21. a3) 21... Bg5 (21... Bf6 $142 22. h3 Re3) 22. Nb3 (22. a3 $142 bxa3 23. Rxa3 Nxc1 24. Qxc1) 22... Bxc1 (22... Rd8 $142 23. Qc2 Nxc1 24. Raxc1 a4) 23. Nxc1 $2 (23. Rxc1 Nxc1 24. Qxc1) 23... Re3 24. Rf1 {[%emt 0:00:35] [#]} (24. Nxe2 $142 Rxf3 25. Kg1) 24... Nxc1 $2 (24... Nd4 $1 25. Nb3 Re2+ 26. Qxe2 Nxe2) 25. Rxc1 Bxf1+ 26. Qxf1 {[%emt 0:00:04][%mdl 4096] Endgame [#] KQR-KQR} Qd5 $1 27. Rd1 {[%emt 0:06:48] Against Qd2+} (27. Qf2 Rxf3 28. Qxf3 Qd2+ 29. Qf2 Qxc1 30. b3) 27... Qxa2 28. Rd8+ Kh7 29. Qf2 (29. Rd2 $142 g6 30. Qb5) 29... Qb3 30. Rf8 Qd3 31. Rd8 Qe2 32. Ra8 Qxf2+ 33. Kxf2 {[%emt 0:00:03] KR-KR} Rb3 34. Rxa5 Rxb2+ 35. Ke3 Rc2 36. Rb5 c5 37. h4 Rc3+ 38. Ke4 (38. Kd2 $142) 38... b3 {[%emt 0:00:06][%cal Bb4b3,Bb3b2][%mdl 32] Threatens to win with ...c4.} 39. g4 c4 40. f4 Rc2 41. g5 hxg5 42. hxg5 b2 {[%emt 0:00:10] Black mates.} 43. f5 c3 44. Rb6 Rc1 45. g6+ fxg6 46. fxg6+ Kh6 47. Kd4 {[%emt 0:35:57] Weighted Error Value: White=0.67/Black=0.34} 0-1

[Event "Mongolian Championship Women 2022"]
[Site "Chingis Khentii"]
[Date "2022.05.20"]
[Round "8.1"]
[White "Altantuya, Boldbaatar"]
[Black "Munkhzul, Davaakhuu"]
[Result "1/2-1/2"]
[ECO "D30"]
[WhiteElo "2263"]
[BlackElo "1991"]
[Annotator "TA"]
[PlyCount "221"]
[EventDate "2022.05.12"]
[EventType "tourn"]
[EventCountry "MGL"]
[SourceTitle "playchess.com"]
[Source "ChessBase"]
[SourceQuality "1"]
[TimeControl "40/5400+30:1800+30"]

1. d4 Nf6 2. c4 e6 3. Nf3 d5 4. a3 dxc4 5. Qa4+ Nbd7 6. Qxc4 {[%emt 0:00:09] D30: Queen's Gambit Declined: Systems without Nc3.} a6 {[%emt 0:01:10] [#]} 7. Bf4 $146 ({Predecessor:} 7. Bg5 c5 8. e3 b5 9. Qc2 Bb7 10. dxc5 Bxc5 11. b4 Be7 12. Nbd2 Rc8 13. Qb2 O-O 14. Be2 h6 15. Bh4 Ne4 16. Bxe7 Qxe7 17. Nxe4 Bxe4 18. Rc1 Qf6 19. Qd2 {0-1 (19) Tyszkiewicz,Z (2093)-Grabarczyk,M (2464) Warsaw 2007}) 7... c5 8. dxc5 {[%emt 0:04:00] Black is slightly better.} Bxc5 9. e3 b5 10. Qc2 Bb7 11. Nc3 Rc8 12. Be2 O-O 13. O-O Qe7 (13... Be7 {is interesting.} 14. Rfd1 Nd5 15. Ne5 Nc5) 14. Rfc1 e5 15. Bg3 Bd6 16. Nd2 {[%emt 0:06:59] Inhibits Ne4.} Nc5 17. Qb1 Bb8 18. b4 Rfd8 19. Rd1 Ne6 20. Qb2 {[%emt 0:00:50] [#]} Ne8 (20... Nf4 $142 $1 21. Bf1 (21. exf4 $2 exf4 22. Nb3 fxg3 $19) 21... N4h5) 21. a4 $11 f5 22. axb5 axb5 23. f3 (23. Bxb5 f4 24. Qb3 (24. exf4 $2 exf4 25. Re1 fxg3 $19) 24... fxg3 25. hxg3 Kh8 26. Bxe8 Rxe8 $17) 23... f4 24. Bf2 fxe3 25. Bxe3 Nd4 $132 {[%emt 0:00:32][%cal Oc8c3][%mdl 2048] Black has counterplay} 26. Bxb5 {[%emt 0:05:07] [#]} Rxc3 $1 {[%emt 0:00:24][%mdl 64] Remove Defender} 27. Qxc3 Nxb5 28. Qc4+ Rd5 29. Ra5 (29. Ne4 $11 {keeps the balance.} Nbd6 30. Qb3) 29... Ned6 $17 30. Qb3 Qf7 (30... Kh8 $1 $17 {And now ...Bc7 would win.} 31. Bc5 Nd4) 31. Bc5 (31. Ne4 $15) 31... Nd4 32. Qe3 (32. Bxd4 $17 {was the only defense.} Rxd4 33. Qxf7+ Nxf7 34. Raa1) 32... N6f5 $19 33. Qe1 h6 34. Bxd4 Nxd4 ({Black should try} 34... Rxd4 $19 35. Ne4 Ne3 $1 ) 35. Rxd5 $17 Bxd5 36. Ne4 (36. Kh1 $142) 36... Ba7 $19 {[%emt 0:01:17] This bishop pair is nice.} 37. Nc5 Qg6 38. Kh1 $2 {[%emt 0:00:30] [#]} (38. Kf1) 38... Nxf3 $1 39. Qf2 Nd4 40. Rf1 $2 (40. Qg3 Qh5 41. Qd3) 40... Bxc5 41. bxc5 Qe8 42. Re1 Nc6 43. Rd1 Qe6 44. Qd2 (44. Kg1 $142) 44... Ne7 ({Wrong is} 44... Nd4 $2 45. Re1 $19) 45. Qb4 Kh7 46. Re1 Qc6 47. Rxe5 $2 (47. Qb1+ Ng6 48. Qc2) 47... Bxg2+ 48. Kg1 Ng6 49. Re2 Bd5 50. Qd4 Nf8 51. Rd2 (51. Re5 $142 Qg6+ 52. Kf2) 51... Qg6+ 52. Kf1 Bc6 53. Qd6 Bb5+ 54. Kf2 Qf5+ 55. Ke3 Ng6 56. Kd4 Qg4+ 57. Ke3 Qg5+ 58. Ke4 {[%emt 0:01:06] [#]} Bc6+ $1 59. Kd3 Ne5+ 60. Kc3 Qe3+ 61. Kb4 Qe4+ (61... Qe1 $142 62. Qd4 Nf3 63. Qd3+ g6) 62. Qd4 Qb1+ 63. Ka3 Qc1+ ({Don't blunder} 63... Qb5 $2 64. Qxe5 Qa5+ 65. Kb3 Ba4+ 66. Kc4 Bb5+ 67. Kb3 Qxd2 68. Qf5+ Kg8 69. Qe6+ Kf8 70. c6 $19) 64. Kb4 (64. Kb3 $142 Nf3 65. Qd3+ g6 66. Rd1 Qxc5 67. Qd6 Qb6+ 68. Kc3) 64... Qe1 {[%emt 0:00:34] Strongly threatening ...Nf3.} 65. Qc3 {[%emt 0:00:44] [#]} Be4 $1 66. Ka4 (66. Kb3 Bf5) 66... Nf3 67. Rd3 Qh4 68. Ka3 Ng5 $2 ({Worse is} 68... Nxh2 69. Rd7 Qg5 70. c6 $15) (68... Qe7 $19 {White must now prevent ...Qa7+.} 69. Rxf3 Qa7+ 70. Kb2 Qb7+ 71. Qb3 Bxf3) 69. Rd2 $2 (69. Rd7 $11 {and White is okay.} Ne6 70. c6) 69... Qf4 70. Kb2 (70. Rd4 {was worth a try.}) 70... Ne6 {[%emt 0:00:35][%cal Oe6c5] ...Nxc5! is the strong threat.} 71. Re2 $2 (71. Rd7) 71... Qf5 72. Rd2 Nxc5 73. Qd4 {[%emt 0:00:20] Prevents Na4+.} Ne6 (73... Qf4 $142 74. Kc3 Qf3+ 75. Kc4 Nb3) 74. Qb4 Qe5+ 75. Qc3 Qxc3+ 76. Kxc3 Kg6 77. Rd6 Kf6 78. Kd2 g5 79. Ke3 Bf5 80. Ra6 g4 81. Kf2 h5 82. Rb6 Kg5 83. Rb3 Nd4 84. Ra3 Kh4 (84... Nf3 $142 85. Kg2 Kf4) 85. Ra4 Nf3 86. Ra5 Bg6 (86... Kg5 $142 87. Kg2 Kf4) 87. Kg2 Be4 88. Rc5 Ng5+ 89. Kf2 Bf3 {[%emt 0:00:34] ( -> ...Ne4+)} 90. Ra5 Nh3+ 91. Ke3 Bd1 {[%emt 0:00:29] Threatens to win with ...g3.} 92. Rd5 Bc2 93. Rc5 Bg6 94. Ra5 Ng5 95. Kf2 Ne4+ 96. Kg2 (96. Ke3 $142) 96... Nf6 97. Ra6 $2 (97. Kf2) 97... Kg5 {[%emt 0:00:15] Hoping for ...h4.} 98. h3 Bf5 $2 (98... Be4+ 99. Kh2 Nd5 100. hxg4 hxg4) 99. hxg4 $2 (99. h4+ Kg6 100. Kg3) 99... Nxg4 $2 (99... hxg4 $19 {is more deadly.} 100. Kh2 Be4) 100. Ra5 $17 {[%emt 0:00:24] [#]} Kf4 (100... Kh4 $1 $17 {aiming for ...Be4+.} 101. Kf3 Kg5) 101. Ra4+ Kg5 (101... Be4+ $11 102. Kh3 {[#]} Kg5 $1 103. Ra5+ Bf5) 102. Ra5 Nf6 103. Kg3 Ne4+ 104. Kf3 h4 105. Rd5 Nf6 106. Ra5 Nh5 107. Rb5 h3 (107... Nf4 $17 108. Ra5 Ne6) 108. Ra5 $11 {[%emt 0:00:06] The position is equal.} Nf4 109. Kg3 Ne2+ 110. Kh2 Nf4 111. Kg3 {[%emt 0:00:04] And White is the lucky defender.  Weighted Error Value: White=0.61/Black=0.37} 1/2-1/2

[Event "Mongolian Championship Women 2022"]
[Site "Chingis Khentii"]
[Date "2022.05.20"]
[Round "8.2"]
[White "Munguntuul, Batkhuyag"]
[Black "Bayarmaa, Bayarjargal"]
[Result "0-1"]
[ECO "B90"]
[WhiteElo "2443"]
[BlackElo "2124"]
[Annotator "TA"]
[PlyCount "70"]
[EventDate "2022.05.12"]
[EventType "tourn"]
[EventCountry "MGL"]
[SourceTitle "playchess.com"]
[Source "ChessBase"]
[SourceQuality "1"]
[TimeControl "40/5400+30:1800+30"]

1. e4 {[%emt 0:00:01] Fischer,J} c5 2. Nf3 d6 3. d4 cxd4 4. Nxd4 Nf6 5. Nc3 a6 6. Nb3 Nbd7 {[%emt 0:00:42] B90: Sicilian Najdorf: Unusual White 6th moves, 6 Be3 Ng4 and 6 Be3 e5.} 7. g4 h6 8. Bg2 b5 {[%emt 0:00:23][%cal Bb7b5,Bb5b4][%mdl 32] The position is equal.} 9. h4 {[%emt 0:07:49] And now g5 would win.} (9. e5 Nxe5 $1 10. h3 (10. Bxa8 Bxg4 11. Bc6+ Nxc6 $17) 10... Rb8 $15) 9... b4 10. Nd5 Nxd5 (10... Ne5 {is interesting.} 11. g5 hxg5 12. Bxg5 Nxd5 13. exd5 a5) 11. exd5 Ne5 12. f3 g6 {[%emt 0:01:19] [#]} 13. a3 $146 ({Predecessor:} 13. Be3 Bg7 14. Bd4 O-O 15. g5 a5 16. gxh6 Bxh6 17. h5 Bf4 18. Nc1 Bg3+ 19. Kf1 {0-1 (45) Kanarek,M (2532)-Wojtaszek,R (2713) Poznan 2016 CBM 172 [Fischer,J]}) 13... bxa3 14. Rxa3 Bg7 15. Na5 (15. h5 $15) 15... Qb6 $17 16. Qe2 O-O 17. c4 Rb8 18. Kf1 Bd7 {[%emt 0:05:09] ...Rfc8 is the strong threat.} 19. Bh3 ({White should play} 19. b3 $15) 19... g5 {[%emt 0:03:28] Black is more active.} 20. hxg5 hxg5 21. Rh2 {[%emt 0:15:04] Now White is beyond hope.} (21. Bxg5 $15 Qxb2 22. Ra2 (22. Qxb2 Rxb2 23. Kg1 Rfb8 $17) 22... Qxe2+ 23. Kxe2) 21... Rfc8 $19 22. b3 Qd4 23. Bxg5 {[%emt 0:05:50] [#]} (23. Rh1 $142) 23... Nxc4 $1 24. Nxc4 Rxc4 25. Be3 {[%emt 0:01:31] [#] Prevents Rc1+.} (25. Qxc4 $2 Bb5 26. Rf2 Bxc4+ 27. bxc4 Qxc4+ 28. Kg2 Bd4 $19) (25. Qd2 $142) 25... Qc3 (25... Rc1+ $142 $3 26. Kg2 (26. Bxc1 $2 {perishes.} Bb5 $19) 26... Qe5) 26. Bd2 Qb2 27. bxc4 Qxa3 28. g5 $2 (28. Rf2) 28... Bxh3+ 29. Rxh3 Rb1+ 30. Kg2 Rb2 {[%emt 0:01:11] White must now prevent ...Qa2.} ({Weaker is} 30... Qc5 31. Be3 Qa3 32. Bf2 $17 (32. Qc2 $2 Rb2 $19)) 31. Rh1 Qa2 32. Rd1 Bc3 33. Qxe7 Rxd2+ {[%emt 0:00:12] Black mates.} 34. Rxd2 Qxd2+ 35. Kh3 Be5 {[%emt 0:00:23] Weighted Error Value: White=0.93/Black=0.15 (very precise)} 0-1

[Event "Mongolian Championship Women 2022"]
[Site "Chingis Khentii"]
[Date "2022.05.20"]
[Round "8.3"]
[White "Amin-Erdene, Bayanmunkh"]
[Black "Anu, Bayar"]
[Result "0-1"]
[ECO "E68"]
[WhiteElo "1425"]
[BlackElo "2102"]
[Annotator "TA"]
[PlyCount "86"]
[EventDate "2022.05.12"]
[EventType "tourn"]
[EventCountry "MGL"]
[SourceTitle "playchess.com"]
[Source "ChessBase"]
[SourceQuality "1"]
[TimeControl "40/5400+30:1800+30"]

1. d4 Nf6 2. Nf3 g6 3. g3 Bg7 4. Bg2 O-O 5. O-O d6 6. c4 Nbd7 7. Nc3 e5 8. e4 exd4 9. Nxd4 Re8 10. h3 a6 11. Re1 Rb8 12. Rb1 Ne5 13. b3 c5 14. Nc2 Nc6 15. f4 {[%emt 0:08:10] E68: King's Indian: Fianchetto: 6...Nbd7 7 0-0 e5 8 e4.} Nd4 (15... Nh5 $5 16. Qd3 f5 $14) 16. Nxd4 cxd4 {[%emt 0:04:11] [#]} 17. Na4 $146 ({Avoid the trap} 17. Qxd4 $2 Nxe4 $1 18. Qxe4 Rxe4 19. Nxe4 Qa5 $19) ({Only move:} 17. Nd5 $11) ({Predecessor:} 17. Nd5 b5 18. Nxf6+ Bxf6 19. cxb5 Rxb5 20. Bb2 Qb6 21. Qd2 a5 22. Red1 Rb4 23. Kh2 {1-0 (55) Straub,N (2159)-Silz,E (1970) Germany 2018}) 17... b5 $17 18. cxb5 (18. Nb2 $17 {keeps fighting.}) 18... axb5 $19 19. Nb2 Bb7 $1 20. e5 dxe5 21. fxe5 {[%emt 0:00:49] And now Bxb7 would win.} Nd7 (21... Bxg2 $1 $19 22. Kxg2 Nd5) 22. Qxd4 (22. Bxb7 $17 Rxb7 23. Qxd4) 22... Bxe5 23. Qf2 Bxg2 24. Kxg2 Qf6 (24... Rc8 $19 {[%cal Oe5d4] aiming for ...Bd4!} 25. Bf4 Rc3) 25. Be3 {[%emt 0:07:58] [#] Prevents Bd4.} (25. Nd3 $15) 25... Bc3 $1 $36 {[%emt 0:02:15][%mdl 2048] White must now prevent ...Qe6. Black is on the roll. Black is more active.} 26. Red1 {[%emt 0:10:12] [#]} (26. Re2 $17 {was necessary.}) 26... Rxe3 $2 27. Qxe3 $11 Bxb2 28. Rxd7 Qc6+ 29. Kh2 $2 {[%emt 0:00:15][%mdl 8192] This costs White the game.} (29. Qf3 $1 $11 {and White is okay.} Qxd7 30. Rxb2) 29... Qc2+ $19 ({Stronger than} 29... Qxd7 30. Rxb2 Re8 31. Qd2 $11) 30. Qd2 Qxb1 31. Qf4 Rf8 32. Qf2 Bc3 33. Rc7 b4 34. h4 h5 {[%emt 0:00:31] ...Be5 is the strong threat.} 35. Re7 Qd3 36. Rc7 Qd6 37. Rc4 Qe6 38. Qg2 Rd8 {[%emt 0:00:23] ( -> ...Rd2)} 39. Re4 Qa6 {[%emt 0:00:55] Strongly threatening ...Rd2.} 40. Kh3 Qc8+ (40... Rd2 $142 41. Qf3 Qxa2 42. Qh1 Qxb3 43. Qf3 Qa2 44. Re8+ Kg7 45. g4 Rh2+ 46. Kg3 hxg4 47. Qf1 Qd2 48. Kxg4 Qd4+ 49. Kg3 Qxh4+ 50. Kf3 Qf6+ 51. Kg3 Qxf1 52. Kxh2 b3 53. Re7 b2 54. Kg3 b1=Q 55. Re3 Qg1+ 56. Kh4 Qxe3 57. Kg4 Qbe4#) 41. g4 hxg4+ {[%emt 0:02:32] Black mates.} 42. Rxg4 Rd3+ 43. Kh2 Rd2 {[%emt 0:00:09] Weighted Error Value: White=1.08/Black=0.28 (precise)} (43... Be5+ $142 44. Rg3 Qg4 45. Qa8+ Kg7 46. Qg8+ Kxg8 47. Kg2 Rxg3+ 48. Kf2 Rg2+ 49. Kf1 Qe2#) 0-1

[Event "Mongolian Championship Women 2022"]
[Site "Chingis Khentii"]
[Date "2022.05.20"]
[Round "8.4"]
[White "Khulan, Enkhsaikhan"]
[Black "Nomindalai Tumurbaatar"]
[Result "1-0"]
[ECO "A57"]
[WhiteElo "2111"]
[BlackElo "2111"]
[Annotator "TA"]
[PlyCount "69"]
[EventDate "2022.05.12"]
[EventType "tourn"]
[EventCountry "MGL"]
[SourceTitle "playchess.com"]
[Source "ChessBase"]
[SourceQuality "1"]
[TimeControl "40/5400+30:1800+30"]

1. d4 Nf6 2. c4 c5 3. d5 b5 4. cxb5 a6 5. Nc3 axb5 6. e4 b4 7. Nb5 d6 8. Bc4 Nbd7 9. Nf3 Nb6 10. Bd3 (10. b3 $1 $11) 10... Bd7 {[%emt 0:20:55] A57: Benko/Volga Gambit.} (10... g6 $1 $15) 11. Qe2 {[%emt 0:01:24] [#]} Qb8 $146 ({Predecessor:} 11... Qc8 12. b3 c4 13. Bxc4 Nxc4 14. Qxc4 Qxc4 15. bxc4 Bxb5 16. cxb5 Nxe4 17. Rb1 Ra5 18. Bd2 Nxd2 19. Kxd2 {0-1 (35) Bouget,A (2140)-Saatdjian,T (2369) Avoine 2010}) 12. b3 {[%emt 0:04:01] Prevents c4. aiming for Bb2.} Nc8 {[%emt 0:11:57][%cal Of6e4] The position is equal.} 13. Nd2 {[%emt 0:08:22] Threatens to win with Bb2.} g6 {[%emt 0:04:31] ...Nh5 is the strong threat.} 14. a4 bxa3 15. Rxa3 Rxa3 16. Bxa3 Bh6 17. f3 Bxd2+ (17... O-O $15) 18. Kxd2 $11 O-O 19. Bb2 Nh5 {[%emt 0:04:14] Strongly threatening ...Nf4.} 20. g3 {[%emt 0:00:21] Prevents Nf4.} e6 21. Bc4 {[%emt 0:05:04] A strong pair of Bishops.} (21. dxe6 $1 $14 fxe6 22. Re1) 21... e5 22. Rf1 Na7 (22... Nb6 $11) 23. Nxa7 Qxa7 24. Ra1 Qc7 (24... Qb8 $14) 25. Qe3 ({White should play} 25. f4 $16) 25... Rb8 (25... Qb8 $14) 26. f4 $16 f6 {[%emt 0:00:09] [#] This costs Black the game.} (26... exf4 $16 27. Qc3 (27. gxf4 Bb5 $16) 27... f6) 27. fxe5 $1 $18 fxe5 28. Bxe5 {[%emt 0:00:12] Hoping for Bb2.} Rf8 $2 {[%emt 0:00:03] [#]} (28... Bb5) 29. Ra6 $1 Qb7 (29... Bb5 30. Bxd6) 30. Rxd6 {[%emt 0:05:32] White threatens Qh6 and mate.} Ra8 {[%emt 0:00:52] [#]} 31. Rxg6+ $3 {[%emt 0:03:47][%mdl 512] White mates.} hxg6 32. Qh6 Ra2+ 33. Ke3 Bb5 34. Qh8+ Kf7 35. Qh7+ {[%emt 0:32:08][%mdl 64] Skewer.  Weighted Error Value: White=0.12 (very precise) /Black=0.66} 1-0

[Event "Mongolian Championship Women 2022"]
[Site "Chingis Khentii"]
[Date "2022.05.20"]
[Round "8.5"]
[White "Munkhzul, Turmunkh"]
[Black "Tsetsenbileg, Munkhbayar"]
[Result "1-0"]
[ECO "B19"]
[WhiteElo "2294"]
[BlackElo "1830"]
[Annotator "TA"]
[PlyCount "71"]
[EventDate "2022.05.12"]
[EventType "tourn"]
[EventCountry "MGL"]
[SourceTitle "playchess.com"]
[Source "ChessBase"]
[SourceQuality "1"]
[TimeControl "40/5400+30:1800+30"]

1. e4 c6 2. d4 d5 3. Nc3 dxe4 4. Nxe4 Bf5 5. Ng3 Bg6 6. h4 h6 7. h5 Bh7 8. Nf3 Nd7 9. Bd3 Bxd3 10. Qxd3 e6 11. Bf4 Qa5+ {[%emt 0:02:30] B19: Classical Caro-Kann: 4...Bf5 main line.} 12. Bd2 Bb4 13. c3 Be7 {[%emt 0:01:54] The position is equal.} 14. c4 Bb4 15. Ne4 {[%emt 0:02:05] [#]} b6 $146 {[%emt 0:25:41] Prevents c5.} ({Predecessor:} 15... Ngf6 16. Nd6+ Ke7 17. c5 b6 18. O-O bxc5 19. Bf4 cxd4 20. Nxd4 Qd5 21. Rfd1 c5 22. N4f5+ Kf8 23. Qg3 Nxh5 24. Qh4 Nxf4 25. Qe7+ Kg8 26. Qxf7+ {1-0 (26) Dreamist,T (2657)-Sadhwani,R (2438) Chess.com INT 2018}) 16. a3 {[%emt 0:07:19] White is more active.} Bxd2+ 17. Nfxd2 {[%emt 0:00:13] [#] Hoping for b4.} ({Much worse is} 17. Nexd2 Ngf6 $11) (17. Qxd2 Qxd2+ 18. Kxd2 Ngf6 $11) 17... Ngf6 18. b4 Qa4 19. c5 $36 {[%emt 0:19:05][%mdl 2048] Black is under strong pressure.} Nd5 (19... Nxe4 $16 20. Nxe4 O-O) 20. Nd6+ $18 Ke7 {[%emt 0:01:01][%cal Od5b4] [#]} 21. O-O $1 {[%emt 0:07:36] aiming for N2c4.} a5 (21... bxc5 {was necessary.} 22. bxc5 Rhb8) 22. Rae1 {[%emt 0:03:43] Threatens to win with N2c4.} (22. Qf3 Rhf8 $16) 22... axb4 23. Nxf7 $2 {[%emt 0:05:43] Really sharp!} Kxf7 $11 24. Qg6+ {[%emt 0:00:08][%mdl 64] Deflection} Ke7 $2 (24... Kf8 $11) 25. Qxg7+ $18 Kd8 26. Qxh8+ Kc7 27. cxb6+ N5xb6 28. Qxh6 bxa3 29. Qg7 Qc2 30. Nf3 a2 31. h6 Qf5 32. Ng5 Kb7 33. Nxe6 {[%emt 0:01:13] Strongly threatening Nc5+.} Qf6 34. Nc5+ Kc7 35. Qg3+ ({Weaker is} 35. Re6 Qxg7 36. hxg7 a1=Q 37. Rxa1 Rxa1+ 38. Kh2 Ra8 $18) 35... Qd6 36. Ne6+ {[%emt 0:00:05] Weighted Error Value: White=0.32/Black=0.79} 1-0